 Dungeon Crawl Stone Soup version 0.27-a0-1158-gaa87e14f67 (webtiles) character file.

Game seed: 1092040763661347444

11259 voltaire321 the Nimble (level 11, -5/89 HPs)
             Began as a Merfolk Gladiator on May 15, 2021.
             Was an Elder of Wu Jian.
             Blown up by a lich (46 damage)
             ... with a wavering orb of destruction
             ... on level 1 of the Abyss.
             The game lasted 00:45:37 (13529 turns).

voltaire321 the Nimble (Merfolk Gladiator)         Turns: 13529, Time: 00:45:38

Health: -5/89      AC: 17    Str: 17    XL:     11   Next: 74%
Magic:  11/11      EV: 16    Int: 13    God:    Wu Jian [****..]
Gold:   987        SH: 11    Dex: 23    Spells: 10/10 levels left

rFire    . . .     SeeInvis .   v - +8 Vampire's Tooth {vamp}
rCold    + . .     Faith    .   c - +0 kite shield of Decompression {rC+}
rNeg     . . .     Spirit   .   f - +3 scale mail of the Gastropod {rElec rPois Int+4}
rPois    +         Reflect  .   i - +2 helmet
rElec    +         Harm     .   y - +1 cloak of Tikha {Fly Will+ Regen+ Str-4}
rCorr    .         Rampage  .   (no gloves)
Will     +....                  g - +0 pair of boots
Stlth    +.........             (no amulet)
HPRegen  0.00/turn              j - +6 ring of strength
MPRegen  0.12/turn              l - +6 ring of dexterity

@: flying, badly diseased, slowed, very slow
A: (nimble swimmer 2), mertail
a: Renounce Religion, Wall Jump, Serpent's Lash


You were on level 1 of the Abyss.
You worshipped Wu Jian.
Wu Jian was greatly pleased with you.
You visited 2 branches of the dungeon, and saw 11 of its levels.
You visited the Abyss 1 time.

You collected 1471 gold pieces.
You spent 484 gold pieces at shops.

Inventory:

Hand Weapons
 a - a +1 long sword
 b - the +4 dagger "Vuadd" {antimagic, SInv}
   (You found it on level 4 of the Dungeon)

   It reduces the magical energy of the wielder, and disrupts the spells and
   magical abilities of those hit.
   Natural abilities and divine invocations are not affected.
   It lets you see invisible.
 v - the +8 Vampire's Tooth (weapon) {vamp}
   (You found it on level 7 of the Dungeon)

   It inflicts no extra harm, but heals its wielder when it wounds a living foe.
Missiles
 d - 2 throwing nets
 k - 23 poisoned darts (quivered)
 t - 5 atropa-tipped darts
Armour
 c - the +0 kite shield of Decompression (worn) {rC+}
   (You bought it in a shop on level 3 of the Dungeon)

   It protects you from cold.
 f - the +3 scale mail of the Gastropod (worn) {rElec rPois Int+4}
   (You bought it in a shop on level 3 of the Dungeon)

   It affects your intelligence (+4).
   It insulates you from electricity.
   It protects you from poison.
 g - a +0 pair of boots (worn)
 i - a +2 helmet (worn)
 y - the +1 cloak of Tikha (worn) {Fly Will+ Regen+ Str-4}
   (You found it on level 8 of the Dungeon)

   It affects your strength (-4).
   It grants you flight.
   It increases your rate of health regeneration.
   It increases your willpower.
 A - a +1 cloak of preservation
Jewellery
 j - a +6 ring of strength (left hand)
 l - a +6 ring of dexterity (right hand)
 m - a +6 ring of intelligence
 o - a ring of positive energy
Wands
 n - a wand of flame (19)
 s - a wand of iceblast (19)
 w - a wand of paralysis (10)
Scrolls
 e - a scroll of identify
 q - 2 scrolls of enchant weapon
Potions
 h - a potion of brilliance
 p - a potion of attraction {unknown}
 u - a potion of might
 x - a potion of invisibility


   Skills:
 + Level 9.4 Fighting
 + Level 9.6 Long Blades
 - Level 6.0 Throwing
 + Level 5.8 Armour
 + Level 11.3 Dodging
 + Level 6.3 Shields


You had 10 spell levels left.
You didn't know any spells.
Your spell library contained the following spells:

 Spells                   Type           Power      Damage    Failure   Level
 Animate Skeleton         Necr           0%         N/A       96%         1
 Corona                   Hex            0%         N/A       96%         1
 Freeze                   Ice            0%         1d3       96%         1
 Pain                     Necr           0%         1d4       96%         1
 Ensorcelled Hibernation  Hex/Ice        0%         N/A       99%         2
 Confusing Touch          Hex            0%         N/A       100%        3
 Dazzling Flash           Conj/Hex       0%         N/A       100%        3
 Frozen Ramparts          Ice            0%         1d2       100%        3
 Gell's Gravitas          Tloc           0%         N/A       100%        3
 Ozocubu's Armour         Ice            0%         N/A       100%        3
 Tukima's Dance           Hex            0%         N/A       100%        3
 Vampiric Draining        Necr           0%         2d6       100%        3
 Animate Dead             Necr           0%         N/A       100%        4
 Hailstorm                Conj/Ice       0%         3d3       100%        4
 Petrify                  Tmut/Erth      0%         N/A       100%        4
 Agony                    Necr           0%         N/A       100%        5
 Metabolic Englaciation   Hex/Ice        0%         N/A       100%        5
 Yara's Violent Unravell  Hex/Tmut       0%         3d3       100%        5


Dungeon Overview and Level Annotations

Branches:
Dungeon (10/15)            Temple (1/1) D:6            Lair (0/6) D:9
    Orc (0/2) D:10

Altars:
Ashenzari
Cheibriados
Dithmenos
Elyvilon
Fedhas
Gozag
Hepliaklqana
Kikubaaqudgha
Makhleb
Nemelex Xobeh
Okawaru
Qazlal
Ru
Sif Muna
Trog
Uskayaw
Vehumet
Wu Jian
Xom
Yredelemnul
Zin
The Shining One

Shops:
D:3 [   D:6 *   D:7 (

Annotations:
D:7 2 runed translucent doors, MikuNakano's ghost, novice MiFi
D:10 3 runed translucent doors, Mels's ghost, journeyman BaFi; Mels's ghost, novice DsNe; Mels's ghost, novice GrFi; jasper's ghost, novice DsWz


Innate Abilities, Weirdness & Mutations

((You are quick and stealthy near water. (Stealth+, EV+, Speed+++)))
Your lower body shifts to a powerful aquatic tail in water.


Message History

You feel yourself slow down.
An ancient zyme comes into view.
You feel yourself growing ill in the presence of the ancient zyme.
You feel ill.
The lich launches a ball of destructive magic.
An orb of destruction comes into view.
You see here 22 arrows.
You feel ill.
You feel ill. x2
You feel ill.
You hit the ancient zyme.
The ancient zyme is lightly damaged.
The lich casts a spell.
The lich seems to speed up.
The ancient zyme closely misses you. The ancient zyme hits you!
Your scale mail of the Gastropod prevents you from hitting the ancient zyme.
The ancient zyme is lightly damaged.
The lich gestures at itself while chanting.
The lich flickers and vanishes!
Deactivating autopickup; reactivate with Ctrl-A.
The ancient zyme misses you.
The ancient zyme hits you but does no damage.
You puncture the ancient zyme!
The ancient zyme is moderately damaged.
The ancient zyme barely misses you. You block the ancient zyme's attack.
You puncture the ancient zyme!
The ancient zyme is heavily damaged.
You closely miss something. You puncture something! Something touches you.
Something touches you but does no damage.
You hit something. Something touches you.
You puncture something! You block something's attack.
You hit something. Something touches you.
You hear some strange, mumbled words.
Something tries to affect you, but you resist.
You barely miss something.
Something conjures a glowing orb.
The wavering orb of destruction weakly hits you!!!
Ouch! That really hurt!
You die...

# . .. ##.....
#.............
####L#....###
##... #.## ..#
##....#(#....#.
#.###...##.#.#
# x.......##[ #
...#####{###.
#... #
...'...@..#.
#.##.#...#
...#.......#
$###..# # .
###'##...#
##... #. '##...
### #. .. .#.
'. ..# . # ## #
# .


You could see an ancient zyme.

Vanquished Creatures
  2 two-headed ogres
  A manticore (D:9)
  A smoke demon (Abyss:1)
  2 large abominations (Abyss:1)
  2 hornets
  4 raiju (Abyss:1)
  A shadow (D:10)
  A wraith (D:10)
  2 wyverns
  10 yaks (D:8)
  A chaos spawn (Abyss:1)
  2 vampire mosquitoes (D:10)
  A warg (D:9)
  4 water moccasins
  3 orc warriors
  A black bear (D:7)
  A sky beast (D:7)
  2 necrophages
  2 ice beasts
  A hornet zombie (D:7)
  4 ogres
  2 centaurs
  5 phantoms
  3 bullfrogs
  3 scorpions
  2 wyvern zombies
  A water moccasin zombie (D:5)
  A wyvern skeleton (D:6)
  2 water moccasin skeletons (D:5)
  26 killer bees
  9 wights
  A howler monkey (D:6)
  A jelly (D:7)
  A bullfrog skeleton (D:5)
  3 orc priests
  4 hounds
  4 centaur skeletons
  Terence (D:2)
  A scorpion zombie (D:5)
  5 orc wizards
  A killer bee zombie (D:6)
  A hound zombie (D:5)
  Robin (D:2)
  7 gnolls
  8 adders
  2 white imps (D:6)
  An ufetubus (D:7)
  An adder skeleton (D:4)
  A worm (D:3)
  5 dart slugs
  23 orcs
  3 ball pythons
  11 endoplasms
  4 giant cockroaches
  12 goblins
  6 hobgoblins
  19 jackals
  2 quokkas
  5 bats
  3 frilled lizards
  7 kobolds
  5 rats
251 creatures vanquished.

Vanquished Creatures (others)
  A black bear (D:6)
  An ogre (D:6)
  A gnoll shaman (D:6)
  An iguana (D:6)
  A gnoll (D:6)
  An adder (D:6)
  A white imp (D:6)
  A plant (D:9)
  3 starspawn tentacles (Abyss:1)
  A withered plant (D:10)
12 creatures vanquished.

Grand Total: 263 creatures vanquished

Notes
Turn   | Place    | Note
-------+----------+-------------------------------------------
     0 | D:1      | voltaire321 the Merfolk Gladiator began the quest for the
                  | Orb.
     0 | D:1      | Reached XP level 1. HP: 16/16 MP: 1/1
    50 | D:1      | Reached XP level 2. HP: 23/23 MP: 2/2
   807 | D:2      | Found a glowing golden altar of the Shining One.
   939 | D:2      | Reached XP level 3. HP: 24/28 MP: 3/3
  1583 | D:2      | Noticed Terence
  1603 | D:2      | Killed Terence
  1604 | D:2      | Reached XP level 4. HP: 25/35 MP: 4/4
  2004 | D:2      | Noticed Robin
  2021 | D:2      | Killed Robin
  2280 | D:3      | Reached skill level 5 in Dodging
  2497 | D:3      | Reached XP level 5. HP: 38/41 MP: 5/5
  3124 | D:3      | Found Oschiam's Antique Armour Emporium.
  3468 | D:3      | Found a broken altar of Ashenzari.
  3533 | D:3      | Found an ornate altar of the Wu Jian Council.
  3538 | D:3      | Noticed a spectral centipede
  3538 | D:3      | Noticed a spectral black mamba
  3538 | D:3      | Noticed a spectral cane toad
  3539 | D:3      | Became a worshipper of the Wu Jian Council
  4188 | D:4      | Noticed a phantom
  4222 | D:4      | Identified a scroll of acquirement
  4222 | D:4      | Acquired 669 gold pieces
  4243 | D:3      | Bought a spiked kite shield for 228 gold pieces
  4243 | D:3      | Identified the +0 kite shield of Decompression {rC+} (You
                  | bought it in a shop on level 3 of the Dungeon)
  4248 | D:3      | Bought a faintly humming scale mail for 216 gold pieces
  4248 | D:3      | Identified the +3 scale mail of the Gastropod {rElec rPois
                  | Int+4} (You bought it in a shop on level 3 of the Dungeon)
  4299 | D:4      | Identified the +4 dagger "Vuadd" {antimagic, SInv}
  4338 | D:4      | Reached XP level 6. HP: 16/48 MP: 6/6
  5329 | D:4      | Reached * piety under Wu Jian
  5410 | D:5      | Entered Level 5 of the Dungeon
  5474 | D:5      | Reached skill level 1 in Armour
  5740 | D:5      | Reached XP level 7. HP: 54/54 MP: 7/7
  5778 | D:5      | Reached skill level 5 in Long Blades
  5778 | D:5      | Reached skill level 6 in Dodging
  6018 | D:5      | Found a white marble altar of Elyvilon.
  6459 | D:5      | Reached skill level 5 in Fighting
  6459 | D:5      | Reached XP level 8. HP: 26/62 MP: 8/8
  6828 | D:6      | Reached skill level 7 in Dodging
  7016 | D:6      | Found Mapexaff's Assorted Antiques.
  7242 | D:6      | Reached skill level 5 in Throwing
  7404 | D:6      | Found a shimmering altar of Xom.
  7973 | D:6      | Bought a scroll of identify for 40 gold pieces
  8057 | D:6      | Reached XP level 9. HP: 67/69 MP: 9/9
  8085 | D:6      | Noticed a two-headed ogre
  8182 | D:6      | Killed a two-headed ogre
  8183 | D:6      | Reached skill level 8 in Dodging
  8183 | D:6      | Reached skill level 1 in Shields
  8693 | D:6      | Found a staircase to the Ecumenical Temple.
  8712 | Temple   | Entered the Ecumenical Temple
  8978 | D:7      | Found Saapide's Antique Weapon Shoppe.
  9208 | D:7      | Reached skill level 9 in Dodging
  9286 | D:7      | Reached XP level 10. HP: 77/79 MP: 10/10
  9303 | D:7      | Reached ** piety under Wu Jian
  9918 | D:7      | Found a hazy altar of Hepliaklqana.
  9923 | D:7      | Found a shadowy altar of Dithmenos.
  9938 | D:7      | Found a large runed translucent door.
  9939 | D:7      | Found a large runed translucent door.
  9941 | D:7      | Noticed MikuNakano's ghost (novice MiFi)
 10109 | D:7      | Found the +8 Vampire's Tooth {vamp}
 10163 | D:7      | Found a sparkling altar of Nemelex Xobeh.
 10335 | D:7      | Found a blossoming altar of Fedhas.
 10613 | D:8      | Found a glowing golden altar of the Shining One.
 11016 | D:8      | Identified the +1 cloak of Tikha {Fly Will+ Regen+ Str-4}
 11101 | D:8      | Identified the +1 plate armour of the Beginning {Dex+8}
 11218 | D:8      | Reached skill level 10 in Dodging
 11305 | D:8      | Found an ancient bone altar of Kikubaaqudgha.
 11674 | D:9      | Noticed a manticore
 11675 | D:9      | Reached skill level 5 in Armour
 11675 | D:9      | Reached skill level 5 in Shields
 11813 | D:9      | Found a shimmering blue altar of Sif Muna.
 11835 | D:9      | Found a staircase to the Lair.
 11900 | D:9      | Reached XP level 11. HP: 35/87 MP: 11/11
 11906 | D:9      | Reached *** piety under Wu Jian
 11969 | D:9      | Noticed a two-headed ogre
 12036 | D:8      | Killed a two-headed ogre
 12236 | D:9      | Found a burning altar of Makhleb.
 12336 | D:9      | Killed a manticore
 12681 | D:10     | Entered Level 10 of the Dungeon
 12854 | D:10     | Found Irosarch's Armour Shoppe.
 12890 | D:10     | Found a runed translucent gate.
 12890 | D:10     | Found a runed translucent gate.
 12890 | D:10     | Noticed jasper's ghost (novice DsWz)
 12890 | D:10     | Noticed Mels's ghost (novice GrFi)
 12891 | D:10     | Found a runed translucent gate.
 12891 | D:10     | Noticed Mels's ghost (journeyman BaFi)
 12891 | D:10     | Noticed Mels's ghost (novice DsNe)
 12966 | D:10     | Found a basalt altar of Yredelemnul.
 13004 | D:10     | Reached **** piety under Wu Jian
 13061 | D:10     | Reached skill level 11 in Dodging
 13078 | D:10     | Noticed a two-headed ogre
 13200 | D:10     | Found a staircase to the Orcish Mines.
 13222 | D:10     | Cast into level 1 of the Abyss (gnoll sergeant)
 13263 | Abyss:1  | Noticed a starcursed mass
 13273 | Abyss:1  | Noticed a tentacled starspawn
 13282 | Abyss:1  | Noticed a thrashing horror
 13284 | Abyss:1  | Found a corrupted altar of Lugonu.
 13510 | Abyss:1  | Noticed a lich
 13529 | Abyss:1  | Blown up by a lich

Illustrated notes

Levels and vault maps discovered:
D:1:      tarquinn_simple_flora_water_a, layout_basic, st_stairs_2
D:2:      layout_basic, basic_altar, minmay_pentomino_r4, uniq_terence,
          uniq_robin
D:3:      layout_loops_corners, ashenzari_altar_1,
          pdpol_wu_jian_five_deadly_venoms, serial_shops, nicolae_shop_stone
D:4:      layout_gridville
D:5:      layout_loops_ring, nicolae_overflow_crystal_walls
D:6:      layout_loops_corners, xom_confusion_cloud,
          minmay_temple_entry_offerings, serial_shops, shop,
          hangedman_decor_points
D:7:      layout_loops_cross, riverfiend_overflow_shadow_ancestor,
          kennysheep_mini, nemelex_spade_bored_becter,
          ebering_ghost_disaster_area, serial_shops, nicolae_shop_crystal,
          nzn_random_ring
D:8:      layout_loops_ring, lemuel_doored_altar, nicolae_tso_carved_into_rock
D:9:      layout_loops_ring, lemuel_round_altar, led_sif_pool,
          erik_lair_orcish_takeover
D:10:     layout_basic, lemuel_crystal_altar,
          kennysheep_orc_monster_closet_entryway, serial_shops, shop,
          gammafunk_ghost_cemetery, minivault_19
Temple:   nicolae_temple_figure_zero
Abyss:1:  base:
D:4

Skill      XL: |  1  2  3  4  5  6  7  8  9 10 11 |
---------------+----------------------------------+-----
Fighting       | 3 4 5 6 7 8 9 |  9.4
Long Blades    | 4 5 6 7 8 9 |  9.6
Dodging        | 5 6 7 9 10 11 | 11.3
Throwing       | 3 4 5 6 |  6.0
Armour         | 1 2 3 4 5 |  5.8
Shields        | 3 5 6 |  6.3

Action                   |  1- 3 |  4- 6 |  7- 9 | 10-12 || total
-------------------------+-------+-------+-------+-------++-------
Melee: Long sword        |   107 |   259 |   294 |   613 ||  1273
       Quick blade       |       |       |       |   118 ||   118
Throw: Dart              |       |     1 |    12 |    23 ||    36
       Throwing net      |       |     1 |       |       ||     1
Invok: Lunge             |       |    10 |     9 |    12 ||    31
       Whirlwind         |       |       |     2 |    17 ||    19
  Use: Scroll            |       |     6 |     3 |     6 ||    15
       Potion            |       |       |     2 |     2 ||     4
 Stab: Sleeping          |       |     1 |       |       ||     1
       Distracted        |       |     1 |       |       ||     1
Armor: Leather armour    |    43 |    30 |       |       ||    73
       Scale mail        |       |    65 |   122 |   247 ||   434
Dodge: Dodged            |   108 |   174 |   143 |   445 ||   870
Block: Kite shield       |       |    73 |   133 |   421 ||   627
       Rpst.: Long sword |    36 |    49 |    51 |   117 ||   253

Table legend: (Time is in decaauts)
 A = Elapsed time spent in this place.
 B = Non-inter-level travel time spent in this place.
 C = Inter-level travel time spent in this place.
 D = Time resting spent in this place.
 E = Time spent auto-exploring this place.
 F = Levels seen in this place.
 G = Mean time per level.
                   A        B        C        D        E       F      G
               +--------+--------+--------+--------+--------+-----+--------+
         Total |  13813 |  13161 |    652 |   3031 |   6689 |  12 | 1151.1 |
       Dungeon |  13432 |  12780 |    652 |   3031 |   6591 |  10 | 1343.2 |
        Temple |    114 |    114 |      0 |      0 |     98 |   1 |  114.0 |
         Abyss |    266 |    266 |      0 |      0 |      0 |   1 |  266.0 |
               +--------+--------+--------+--------+--------+-----+--------+

Top non-repeatable levels by time:
     D:3: 1914 daAuts
     D:6: 1860 daAuts
     D:2: 1709 daAuts
     D:7: 1645 daAuts
     D:5: 1643 daAuts
     D:8: 1306 daAuts
     D:4: 1067 daAuts
     D:9: 949 daAuts
     D:1: 809 daAuts
    D:10: 526 daAuts
 Abyss:1: 266 daAuts
  Temple: 114 daAuts
